 Dungeon Crawl Stone Soup version 0.26-a0-651-gb41185065b (webtiles) character file.

Game seed: 7925946325875498049

399 Ozzies the Skirmisher (level 6, 0/42 HPs)
             Began as a Gargoyle Fighter on Oct 7, 2020.
             Slain by an adder (3 damage)
             ... on level 4 of the Dungeon.
             The game lasted 00:04:27 (3933 turns).

Ozzies the Skirmisher (Gargoyle Fighter)            Turns: 3933, Time: 00:04:28

Health: 0/42       AC: 13    Str: 22    XL:     6   Next: 84%
Magic:  6/6        EV:  7    Int:  8    God:
Gold:   261        SH:  9    Dex:  9    Spells: 5/5 levels left

rFire    . . .     SeeInvis .   s - +3 mace (vorpal)
rCold    . . .     Faith    .   c - +0 kite shield
rNeg     + . .     Spirit   .   b - +0 scale mail
rPois    ∞         Reflect  .   r - +0 helmet
rElec    +         Harm     .   (no cloak)
rCorr    .         Rampage  .   (no gloves)
MR       .....                  t - +0 pair of boots
Stlth    ..........             (no amulet)
HPRegen  0.14/turn              (no ring)
MPRegen  0.10/turn              (no ring)

@: no status effects
A: negative energy resistance 1, electricity resistance, unbreathing,
petrification resistance, rot immunity, AC +4
a: no special abilities


You were on level 4 of the Dungeon.
You visited 1 branch of the dungeon, and saw 4 of its levels.

You collected 261 gold pieces.

Inventory:

Hand Weapons
 a - a +0 flail
 s - a +3 vorpal mace (weapon)
Missiles
 f - 188 stones (quivered)
 n - 12 sling bullets
Armour
 b - a +0 scale mail (worn)
 c - a +0 kite shield (worn)
 r - a +0 helmet (worn)
 t - a +0 pair of boots (worn)
 u - a cursed +0 helmet
Scrolls
 e - 2 scrolls of identify
 g - a scroll of blinking {@r4}
 j - 2 scrolls of immolation
 l - a scroll of fog {!r}
 m - 2 scrolls of enchant armour
 p - a scroll of remove curse {@r2}
 q - a scroll of fear {!r}
Potions
 d - a potion of might {@q3 !q}
 h - 4 potions of flight {unknown}
 i - a potion of degeneration {unknown}
 k - 2 potions of stabbing {unknown}
 o - 2 potions of curing {unknown}
 v - a potion of brilliance {unknown}


   Skills:
 + Level 6.7 Fighting
 + Level 4.5 Maces & Flails
 - Level 3.2 Armour
 - Level 3.2 Shields


You had 5 spell levels left.
You didn't know any spells.
Your spell library was empty.

Dungeon Overview and Level Annotations

Branches:
Dungeon (4/15)
 Temple: D:4-7

Altars:
Makhleb


Innate Abilities, Weirdness & Mutations

You are resistant to torment.
Your stone body is resilient. (AC +4)
You are immune to poison.
You resist negative energy. (rN+)
You are resistant to electric shocks. (rElec)
You can survive without breathing.
You are immune to petrification.
You are immune to rotting.


Message History

You are too injured to fight recklessly!
You are too injured to fight recklessly!
You are too injured to fight recklessly!
You are too injured to fight recklessly!
You are too injured to fight recklessly!
Unknown command.
You are too injured to fight recklessly!
You are too injured to fight recklessly!
You sock the gnoll!
The gnoll is severely wounded.
The gnoll hits you but does no damage. The gnoll barely misses you.
The gnoll hits you with a +0 spear.
A gnoll comes into view. It is wielding a +0 flail.
The gnoll hits you but does no damage.
You hit the gnoll but do no damage.
The gnoll is severely wounded.
The gnoll hits you but does no damage. The gnoll barely misses you.
You block the gnoll's attack.
You hit the gnoll.
You kill the gnoll!
The gnoll hits you with a +0 spear. x2; You block the adder's attack.
You closely miss the gnoll. The gnoll hits you with a +0 spear.
The adder bites you but does no damage. You block the gnoll's attack.
The gnoll hits you but does no damage. You block the adder's attack.
You sock the gnoll!
The gnoll is severely wounded.
The gnoll hits you with a +0 spear. You block the adder's attack.
The gnoll hits you but does no damage.
Your shield and scale mail prevent you from hitting the gnoll.
The gnoll is severely wounded.
The adder bites you. The gnoll hits you but does no damage.
The gnoll hits you with a +0 spear.
* * * LOW HITPOINT WARNING * * *
The adder bites you but does no damage.
You hit the gnoll.
You kill the gnoll!
The adder bites you but does no damage. The gnoll closely misses you.
The gnoll hits you with a +0 flail.
* * * LOW HITPOINT WARNING * * *
You block the gnoll's attack. The adder bites you but does no damage.
You barely miss the gnoll. You block the gnoll's attack.
You block the adder's attack. You block the gnoll's attack.
You hit the gnoll.
The gnoll is lightly wounded.
You block the adder's attack. The gnoll hits you but does no damage.
The gnoll closely misses you. The adder bites you but does no damage.
The gnoll barely misses you.
You hit the gnoll.
The gnoll is severely wounded.
The adder bites you but does no damage. You block the gnoll's attack.
The adder bites you but does no damage. The gnoll barely misses you.
You closely miss the gnoll.
The gnoll is severely wounded.
The gnoll hits you but does no damage. You block the adder's attack.
The gnoll closely misses you. The gnoll hits you with a +0 flail.
* * * LOW HITPOINT WARNING * * *
You hit the gnoll.
The gnoll is almost dead.
The adder bites you but does no damage. The gnoll barely misses you.
The adder bites you but does no damage. The gnoll hits you but does no damage.
You sock the gnoll!
You kill the gnoll!
The adder bites you.
* * * LOW HITPOINT WARNING * * *
You block the gnoll's attack. The adder barely misses you.
The gnoll hits you but does no damage. You block the adder's attack.
You see here a +0 flail.
You block the gnoll's attack. The adder bites you but does no damage.
You see here a scroll of remove curse {@r2}.
The adder bites you but does no damage. The adder bites you but does no damage.
You block the adder's attack.
You sock the adder!
The adder is almost dead.
The adder bites you but does no damage.
You closely miss the adder.
The adder is almost dead.
The adder bites you but does no damage. The gnoll hits you but does no damage.
The adder bites you but does no damage.
You miss the adder.
The adder is almost dead.
You block the gnoll's attack. The adder bites you.
* * * LOW HITPOINT WARNING * * *
The gnoll hits you but does no damage. The adder bites you but does no damage.
You closely miss the adder.
The adder is almost dead.
You block the adder's attack. The gnoll hits you but does no damage.
You block the adder's attack. The gnoll hits you but does no damage.
You barely miss the adder.
The adder is almost dead.
You block the adder's attack. The gnoll hits you but does no damage.
The adder closely misses you.
Your shield and scale mail prevent you from hitting the adder.
The adder is almost dead.
You block the adder's attack. The gnoll hits you but does no damage.
You barely miss the adder.
The adder is almost dead.
The adder bites you.
You die...

#......###.........#.##...
##...................##...
#....................###..
##...)................#.#.
#..)........#...........#.
###))).#...##.............
## #?...#....#...........
##.. #....#...............
.....##..#...@##..........
........###.S..####......
..........#g....#
....#..........## ...
#.....#.....#
......#####.#..## #.....
..#..... ..... ..........
..... ..###......


You could see a gnoll and an adder.

Vanquished Creatures
  A gnoll shaman (D:4)
  An orc priest (D:3)
  An orc wizard (D:3)
  2 worker ants (D:4)
  Robin (D:4)
  4 gnolls (D:4)
  10 adders
  An ooze (D:2)
  2 adder zombies (D:2)
  2 dart slugs (D:2)
  4 leopard geckos
  4 orcs (D:3)
  2 bat skeletons (D:2)
  2 giant cockroaches
  23 goblins
  8 hobgoblins
  6 jackals
  9 kobolds
  A quokka (D:3)
  3 ball pythons
  8 bats
  3 frilled lizards
  A giant cockroach zombie (D:2)
  A jackal skeleton (D:2)
  5 rats
105 creatures vanquished.

Notes
Turn   | Place    | Note
-------+----------+-------------------------------------------
     0 | D:1      | Ozzies the Gargoyle Fighter began the quest for the Orb.
     0 | D:1      | Reached XP level 1. HP: 14/14 MP: 1/1
   244 | D:1      | Reached XP level 2. HP: 20/20 MP: 2/2
   299 | D:1      | Reached skill level 4 in Fighting
  1339 | D:2      | Reached XP level 3. HP: 23/24 MP: 3/3
  1523 | D:2      | Reached skill level 5 in Fighting
  1620 | D:2      | Reached XP level 4. HP: 31/31 MP: 4/4
  2247 | D:2      | Found a burning altar of Makhleb.
  2298 | D:3      | Reached XP level 5. HP: 35/35 MP: 5/5
  2765 | D:3      | Reached skill level 6 in Fighting
  3029 | D:3      | Reached XP level 6. HP: 40/41 MP: 6/6
  3433 | D:4      | Noticed Robin
  3459 | D:4      | Killed Robin
  3914 | D:4      | HP: 2/42 [adder (3)]
  3928 | D:4      | HP: 2/42 [adder (2)]
  3933 | D:4      | Slain by an adder

Illustrated notes

Levels and vault maps discovered:
D:1:      lemuel_arrival_tunnels, layout_basic
D:2:      layout_basic, marbit_many_paths, serial_undead, serial_undead_a,
          serial_undead_d, serial_undead_a, serial_undead_c, serial_undead_c,
          serial_undead_e, serial_undead_f, minmay_misc_feat_alley,
          minmay_nonomino_d4
D:3:      layout_loops_corners, minmay_misc_feat_cross
D:4:      kennysheep_goblin_castle, layout_cave_pools, portal_sewer_entry_b,
          hellmonk_ghost_happy_afterlife, grunt_ministairs_13

Skill      XL: |  1  2  3  4  5  6 |
---------------+-------------------+-----
Fighting       | 4 5 6 |  6.7
Maces & Flails | 3 4 |  4.5
Armour         | |  3.2
Shields        | |  3.2

Action                   |  1- 3 |  4- 6 || total
-------------------------+-------+-------++-------
Melee: Flail             |   117 |   162 ||   279
       Mace              |       |   125 ||   125
  Use: Scroll            |       |     8 ||     8
Armor: Scale mail        |    64 |   278 ||   342
Dodge: Dodged            |    40 |   139 ||   179
Block: Kite shield       |    68 |   224 ||   292

Table legend: (Time is in decaauts)
 A = Elapsed time spent in this place.
 B = Non-inter-level travel time spent in this place.
 C = Inter-level travel time spent in this place.
 D = Time resting spent in this place.
 E = Time spent auto-exploring this place.
 F = Levels seen in this place.
 G = Mean time per level.
                   A        B        C        D        E       F      G
               +--------+--------+--------+--------+--------+-----+--------+
         Total |   4072 |   3873 |    199 |      4 |   2937 |   4 | 1018.0 |
       Dungeon |   4072 |   3873 |    199 |      4 |   2937 |   4 | 1018.0 |
               +--------+--------+--------+--------+--------+-----+--------+

Top non-repeatable levels by time:
     D:1: 1336 daAuts
     D:3: 1109 daAuts
     D:2: 1025 daAuts
     D:4: 601 daAuts
